7 Demon Hunter
3 Immolation
3 Evasion
1 Metamorphosis
3 Keeper of the Grove
2 Thorns Aura
1 Entangling Roots
4 Warden
2 Fan of Knives
2 Blink
» actions
| Assign group hotkey | 14 | |
| Basic commands | 23 | |
| Build / train | 74 | |
| Enter build submenu | 22 | |
| Enter hero's abilities submenu | 14 | |
| Give item / drop item | 5 | |
| Remove unit from queue | 6 | |
| Right click | 317 | |
| Select / deselect | 362 | |
| Select group hotkey | 90 | |
| Use ability | 83 | |
1010 total
» units
| Wisp | 12 | |
| Huntress | 6 | |
| Archer | 12 | |
| Druid of the Claw | 1 | |
31 total
» upgrades
| Strength of the Moon | 3 | |
| Moon Armor | 3 | |
| Upgrade Moon Glaive | 1 | |
| Well Spring | 1 | |
| Sentinel | 1 | |
| Ultravision | 1 | |
| Improved Bows | 1 | |
| Druid of the Claw Training | 2 | |
| Marksmanship | 1 | |
| Reinforced Hides | 1 | |
| Mark of the Claw | 1 | |
16 total
» buildings
| Altar of Elders | 1 | |
| Moon Well | 9 | |
| Ancient of War | 2 | |
| Hunter's Hall | 1 | |
| Tree of Ages | 1 | |
| Tree of Eternity | 1 | |
| Ancient of Wonders | 1 | |
| Ancient of Wind | 1 | |
| Ancient of Lore | 1 | |
| Tree of Life | 1 | |
19 total
» build order
00:07 Altar of Elders
00:25 Moon Well
01:15 Ancient of War
02:00 Hunter's Hall
02:48 Tree of Ages
03:11 Ancient of War
03:42 Moon Well
04:43 Moon Well
05:53 Moon Well
07:17 Tree of Eternity
07:47 Ancient of Wonders
10:04 Moon Well
10:05 Moon Well
12:02 Moon Well
12:04 Moon Well
13:33 Ancient of Wind
15:08 Ancient of Lore
17:18 Moon Well
23:12 Tree of Life
» items